AoeStats
← 啊超

QS Arena

503426660Analyzed
3v3 RM · 1mo ago on Aug 31, 2026· 194m 49s· 6 players
Game mode
Random Map
Map size
Normal (6 player)
Population
200
Speed
Normal
Resources
Standard
Victory
Conquest
Starting age
Dark Age
Ending age
Imperial Age
RankedLock teamsTeams togetherTeam positionsShared explorationLock speedFull tech treeHidden civsTurbo modeCheats
Victory
Defeat
🇨🇳 Saracens · China
1328
+12
🇨🇳 Britons · China
1169
+19
🇨🇳 Spanish · China
1079
+23
🇨🇳 Turks · China
1269
-19
🇮🇳 Bulgarians · India
1262
-19
🇨🇳 Britons · China
1172
-15
啊超
8:10 Feudal Age
10:22 Double-Bit Axe
10:44 Horse Collar
13:12 Castle Age
12:32 Loom
21:27 Gold Mining
26:50 Imperial Age
24:46 Fletching
25:49 Bodkin Arrow
25:54 Padded Archer Armor
27:06 Gold Shaft Mining
27:28 Leather Archer Armor
27:37 Ballistics
27:30 Fortified Wall
27:27 Crossbowman
29:19 Wheelbarrow
29:10 Bow Saw
29:38 Bracer
32:19 Chemistry
31:46 Elite Longbowman
31:55 Elite Skirmisher
33:14 Ring Archer Armor
33:59 Yeomen
34:08 Forging
35:55 Iron Casting
35:28 Scale Barding Armor
35:32 Husbandry
34:53 Light Cavalry
37:32 Blast Furnace
36:53 Chain Barding Armor
37:33 Scale Mail Armor
39:38 Hand Cart
39:37 Masonry
39:08 Treadmill Crane
39:56 Warwolf
40:17 Conscription
42:43 Plate Barding Armor
42:23 Chain Mail Armor
41:58 Arson
42:13 Squires
42:00 Gambesons
41:36 Pikeman
42:31 Halberdier
44:16 Plate Mail Armor
45:51 Arbalester
51:42 Man-at-Arms
60:36 Caravan
61:06 Coinage
60:47 Guilds
66:38 Two-Man Saw
70:20 Banking
75:47 Architecture
75:09 Guard Tower
78:05 Keep
78:38 Arrowslits
79:16 Siege Engineers
80:24 Capped Ram
81:30 Long Swordsman
83:06 Two-Handed Swordsman
86:07 Champion
94:54 Cavalier
Cognito I
7:32 Feudal Age
15:18 Castle Age
14:38 Double-Bit Axe
14:35 Horse Collar
15:33 Forging
15:24 Scale Mail Armor
15:25 Loom
16:36 Bow Saw
20:24 Fletching
21:49 Heavy Plow
22:03 Bodkin Arrow
24:56 Iron Casting
26:26 Wheelbarrow
28:10 Town Watch
30:17 Hand Cart
32:16 Gold Mining
32:16 Stone Mining
33:07 Scale Barding Armor
34:15 Scale Barding Armor
36:55 Imperial Age
34:37 Scale Barding Armor
35:20 Gold Shaft Mining
35:27 Light Cavalry
38:31 Stone Shaft Mining
38:30 Bloodlines
39:20 Cavalier
40:44 Chain Barding Armor
40:49 Conscription
40:28 Stirrups
40:39 Husbandry
40:12 Light Cavalry
42:46 Blast Furnace
42:56 Hussar
44:17 Plate Barding Armor
45:28 Bracer
51:46 Ballistics
51:33 Siege Engineers
52:04 Pikeman
54:59 Crop Rotation
64:08 Caravan
64:15 Halberdier
64:56 Squires
64:44 Arson
74:46 Caravan
77:01 Chain Mail Armor
76:26 Capped Ram
77:23 Siege Ram
82:13 Plate Mail Armor
86:34 Padded Archer Armor
88:19 Onager
98:53 Siege Onager
116:54 Gambesons
121:49 Town Patrol
131:10 Bagains
LY
8:20 Feudal Age
12:24 Castle Age
10:45 Double-Bit Axe
11:09 Horse Collar
11:55 Gold Mining
14:27 Bow Saw
16:01 Fervor
16:44 Wheelbarrow
16:28 Heavy Plow
20:28 Stone Mining
21:46 Loom
26:57 Imperial Age
25:16 Fletching
29:44 Bloodlines
34:04 Two-Man Saw
33:44 Squires
34:03 Bodkin Arrow
35:23 Ballistics
35:46 Husbandry
37:44 Town Watch
39:38 Conscription
40:38 Scale Barding Armor
41:02 Elite Janissary
42:43 Forging
43:39 Chain Barding Armor
44:15 Iron Casting
45:30 Plate Barding Armor
45:58 Blast Furnace
45:00 Padded Archer Armor
45:03 Bracer
46:22 Leather Archer Armor
47:27 Ring Archer Armor
51:20 Hand Cart
51:06 Town Patrol
52:45 Caravan
76:12 Bombard Tower
75:38 Arrowslits
77:18 Artillery
125:08 Heavy Camel Rider
158:22 Fortified Wall
02281
8:50 Feudal Age
13:04 Castle Age
11:41 Stone Mining
11:49 Double-Bit Axe
12:25 Horse Collar
13:04 Gold Mining
19:36 Padded Archer Armor
21:30 Leather Archer Armor
21:31 Fletching
21:55 Bloodlines
22:51 Husbandry
24:25 Town Watch
26:01 Loom
26:40 Bodkin Arrow
32:37 Imperial Age
34:32 Bow Saw
34:59 Wheelbarrow
34:49 Conscription
38:40 Stone Shaft Mining
39:02 Hand Cart
38:28 Cavalier
39:54 Caravan
40:41 Ring Archer Armor
40:16 Scale Barding Armor
40:22 Forging
41:15 Two-Man Saw
39:41 Pikeman
40:21 Squires
40:36 Paladin
41:25 Elite Conquistador
42:30 Chain Barding Armor
42:13 Heavy Plow
43:49 Iron Casting
44:36 Plate Barding Armor
45:53 Halberdier
49:57 Blast Furnace
55:36 Light Cavalry
56:19 Hussar
58:02 Fervor
57:48 Herbal Medicine
62:52 Bracer
62:53 Scale Mail Armor
66:50 Chain Mail Armor
69:55 Plate Mail Armor
70:42 Chemistry
70:03 Ballistics
69:54 Fortified Wall
70:14 Arrowslits
70:25 Murder Holes
72:02 Bombard Tower
71:42 Murder Holes
71:33 Arrowslits
72:48 Guard Tower
73:09 Fortified Wall
73:10 Masonry
77:07 Keep
77:05 Architecture
76:41 Town Patrol
76:45 Man-at-Arms
77:11 Gambesons
77:12 Arson
76:57 Onager
110:47 Spies/Treason
122:03 Capped Ram
02288
8:27 Feudal Age
9:10 Loom
9:19 Double-Bit Axe
9:31 Horse Collar
12:28 Castle Age
13:34 Heavy Plow
16:08 Bow Saw
20:02 Fletching
20:42 Bodkin Arrow
21:56 Ballistics
22:15 Wheelbarrow
23:26 Hand Cart
28:23 Imperial Age
26:38 Padded Archer Armor
27:11 Elite Skirmisher
28:07 Leather Archer Armor
29:58 Bracer
30:28 Ring Archer Armor
30:59 Chemistry
29:26 Elite Longbowman
32:02 Guard Tower
32:07 Murder Holes
32:23 Masonry
32:18 Siege Engineers
32:24 Fortified Wall
31:55 Treadmill Crane
33:24 Forging
33:14 Scale Mail Armor
33:17 Warwolf
33:38 Conscription
33:54 Hoardings
34:31 Yeomen
34:51 Keep
34:47 Architecture
34:40 Onager
36:28 Arrowslits
37:17 Pikeman
37:58 Squires
38:48 Caravan
39:18 Coinage
38:59 Guilds
40:22 Halberdier
40:47 Arson
41:40 Iron Casting
41:20 Chain Mail Armor
43:39 Blast Furnace
44:24 Banking
44:26 Town Watch
47:44 Plate Mail Armor
47:21 Scale Barding Armor
62:24 Chain Barding Armor
65:30 Plate Barding Armor
64:57 Husbandry
64:18 Light Cavalry
64:19 Cavalier
64:37 Sappers
65:05 Heated Shot
69:54 Herbal Medicine
88:20 Man-at-Arms
88:45 Gambesons
89:32 Long Swordsman
90:10 Two-Handed Swordsman
90:57 Champion
188:10 Spies/Treason
十年仍菜
8:04 Feudal Age
12:07 Castle Age
10:13 Double-Bit Axe
10:20 Horse Collar
13:26 Heavy Plow
13:38 Bow Saw
14:35 Wheelbarrow
18:47 Stone Mining
19:57 Hand Cart
19:52 Gold Mining
21:19 Gold Shaft Mining
26:14 Imperial Age
24:27 Scale Barding Armor
24:33 Bloodlines
26:37 Chain Barding Armor
26:27 Forging
26:18 Husbandry
28:03 Plate Barding Armor
28:55 Iron Casting
28:17 Light Cavalry
31:01 Two-Man Saw
31:07 Chemistry
31:53 Blast Furnace
31:00 Siege Engineers
30:47 Elite Mameluke
32:24 Conscription
32:56 Counterweights
32:27 Hussar
34:09 Fletching
34:31 Masonry
34:16 Murder Holes
34:07 Arrowslits
34:43 Ballistics
34:33 Fortified Wall
38:32 Bimaristan
38:58 Hoardings
38:22 Bodkin Arrow
38:27 Padded Archer Armor
39:01 Caravan
40:04 Herbal Medicine
40:31 Leather Archer Armor
41:13 Coinage
42:49 Scale Mail Armor
43:36 Bracer
46:42 Onager
49:09 Banking
55:16 Ring Archer Armor
59:24 Siege Onager
60:51 Chain Mail Armor
75:47 Plate Mail Armor
75:29 Fervor
75:35 Block Printing
75:45 Illumination
75:30 Redemption
75:21 Devotion
75:56 Theocracy
75:42 Sanctity
75:42 Heresy
75:24 Atonement
88:39 Town Watch
88:40 Loom
93:06 Spies/Treason
98:47 Capped Ram
100:09 Siege Ram
101:25 Faith
107:53 Man-at-Arms
108:18 Gambesons
108:34 Squires
107:54 Pikeman
108:52 Long Swordsman
109:09 Pikeman
109:34 Arson
110:32 Two-Handed Swordsman
116:20 Champion
135:36 Town Patrol
185:22 Heavy Camel Rider
Connection lost

Rejoining the realm…

Still unreachable

The connection could not be restored.

Session expired

The server has moved on; the page needs a fresh start.